AoeStats
← El-Kiody

Yucatan

510345965Analyzed
2v2 RM · 2d ago on Sep 30, 2026· 77m 19s· 4 players
Game mode
Random Map
Map size
Medium (4 player)
Population
200
Speed
Normal
Resources
Standard
Victory
Conquest
Starting age
Dark Age
Ending age
Imperial Age
RankedLock teamsTeams togetherTeam positionsShared explorationLock speedFull tech treeHidden civsTurbo modeCheats
Victory
Defeat
🇫🇷 Romans · France
581
+23
🇮🇹 Spanish · Italy
477
+15
🇲🇽 Sicilians · Mexico
467
-13
🇲🇽 Persians · Mexico
460
-13
XxAngelxX07515
12:38 Feudal Age
12:52 Horse Collar
13:06 Gold Mining
13:07 Stone Mining
14:32 Double-Bit Axe
17:23 Wheelbarrow
21:09 Loom
25:18 Castle Age
23:56 Bloodlines
27:15 Hand Cart
27:40 Husbandry
27:01 Light Cavalry
27:52 Scale Barding Armor
27:58 Forging
27:39 Fletching
27:51 Scale Mail Armor
28:32 Bow Saw
30:15 Kamandaran
32:42 Chain Barding Armor
33:09 Heavy Plow
32:38 Pikeman
38:20 Imperial Age
37:37 Man-at-Arms
38:19 Squires
38:04 Gambesons
38:54 Chain Mail Armor
38:43 Padded Archer Armor
40:28 Citadels
40:49 Ballistics
42:39 Elite War Elephant
46:02 Chemistry
44:28 Cavalier
44:30 Heavy Camel Rider
46:13 Savar
48:09 Heated Shot
48:19 Halberdier
48:19 Long Swordsman
49:57 Hussar
53:23 Capped Ram
60:31 Conscription
67:28 Heavy Cavalry Archer
68:34 Parthian Tactics
67:30 Elite Skirmisher
67:30 Crossbowman
68:16 Thumb Ring
DiegoMoost
1:23 Loom
13:05 Feudal Age
15:25 Scale Mail Armor
16:41 Forging
22:38 Wheelbarrow
21:44 Man-at-Arms
27:11 Bloodlines
29:47 Castle Age
27:57 Scale Barding Armor
28:55 Double-Bit Axe
28:52 Horse Collar
29:05 Gold Mining
30:51 Bow Saw
32:00 Caravan
33:02 Heavy Plow
34:54 Chain Barding Armor
35:33 Hand Cart
37:11 Stone Mining
37:57 Gold Shaft Mining
42:30 Imperial Age
39:54 Gambesons
42:14 Town Watch
42:38 Husbandry
43:23 Iron Casting
44:57 Fervor
45:09 Sanctity
44:48 Herbal Medicine
44:40 Elite Serjeant
45:41 Conscription
45:18 Long Swordsman
45:45 Arson
45:31 Cavalier
46:24 Pikeman
47:09 Squires
48:36 Crop Rotation
48:48 Stone Shaft Mining
48:06 Halberdier
48:56 Two-Handed Swordsman
49:40 Town Patrol
51:19 Chemistry
50:37 Siege Engineers
51:47 Blast Furnace
51:03 Chain Mail Armor
51:54 Hauberk
54:13 Plate Barding Armor
54:08 Plate Mail Armor
57:30 Onager
57:33 Capped Ram
59:02 Siege Onager
59:03 Siege Ram
64:50 Champion
69:47 Fletching
69:57 Padded Archer Armor
70:05 Heated Shot
70:35 Ballistics
NDAMS77
10:10 Feudal Age
13:57 Double-Bit Axe
15:25 Wheelbarrow
14:38 Town Watch
20:01 Castle Age
21:13 Horse Collar
23:13 Man-at-Arms
24:53 Hand Cart
25:30 Long Swordsman
31:19 Town Patrol
33:39 Scale Barding Armor
35:46 Gold Mining
39:49 Imperial Age
38:14 Chain Barding Armor
38:37 Gold Shaft Mining
37:53 Stone Mining
38:07 Heavy Plow
38:24 Bow Saw
38:04 Loom
41:22 Plate Barding Armor
41:49 Elite Centurion
43:54 Comitatenses
48:19 Fortified Wall
49:09 Forging
48:59 Scale Mail Armor
49:01 Legionary
49:19 Pikeman
50:32 Masonry
53:20 Architecture
54:07 Conscription
56:02 Crop Rotation
56:39 Ballistics
57:07 Iron Casting
56:48 Chain Mail Armor
56:33 Padded Archer Armor
56:24 Fletching
60:38 Halberdier
61:20 Squires
61:01 Crossbowman
61:07 Heavy Cavalry Archer
64:02 Blast Furnace
63:19 Leather Archer Armor
62:59 Bodkin Arrow
69:16 Guilds
69:08 Caravan
71:26 Ring Archer Armor
74:52 Husbandry
75:08 Bloodlines
74:21 Cavalier
El-Kiody
12:09 Feudal Age
14:41 Horse Collar
14:52 Double-Bit Axe
15:48 Wheelbarrow
17:21 Loom
19:53 Town Watch
21:22 Fletching
21:32 Padded Archer Armor
24:56 Castle Age
24:01 Stone Mining
27:51 Bow Saw
28:50 Stone Shaft Mining
31:39 Hand Cart
31:53 Gold Mining
33:23 Bodkin Arrow
37:39 Heavy Plow
39:54 Scale Barding Armor
40:53 Pikeman
42:29 Scale Mail Armor
42:53 Ballistics
42:59 Inquisition
48:32 Imperial Age
46:58 Forging
47:59 Murder Holes
49:16 Husbandry
49:27 Bloodlines
53:02 Two-Man Saw
52:59 Squires
52:44 Gambesons
52:45 Arson
52:22 Halberdier
54:09 Chemistry
53:01 Guard Tower
53:49 Conscription
55:05 Bodkin Arrow
55:26 Leather Archer Armor
54:41 Light Cavalry
56:47 Elite Conquistador
63:28 Supremacy
63:12 Bracer
63:43 Ring Archer Armor
66:37 Chain Barding Armor
Connection lost

Rejoining the realm…

Still unreachable

The connection could not be restored.

Session expired

The server has moved on; the page needs a fresh start.